 Dungeon Crawl Stone Soup version 0.23.0 (webtiles) character file.

Game seed: 2407745396553573321

42 MalarOregon the Ducker (level 3, -6/27 HPs)
             Began as a Merfolk Wizard on Feb 18, 2019.
             Mangled by Sigmund
             ... wielding a +0 scythe
              (8 damage)
             ... on level 2 of the Dungeon.
             The game lasted 00:05:45 (2113 turns).

MalarOregon the Ducker (Merfolk Wizard)             Turns: 2113, Time: 00:05:46

Health: -6/27      AC:  2    Str:  7    XL:     3   Next: 54%
Magic:  1/7        EV: 13    Int: 18    God:
Gold:   145        SH:  0    Dex: 12    Spells: 0/8 levels left

rFire    . . .     SeeInvis .   f - +0 whip
rCold    . . .     Gourm    .   (no shield)
rNeg     . . .     Faith    .   a - +0 robe
rPois    .         Spirit   .   b - +0 hat
rElec    .         Reflect  .   (no cloak)
rCorr    .         Harm     .   (no gloves)
MR       .....                  (no boots)
Stlth    ++........             (no amulet)
HPRegen  0.09/turn              (no ring)
MPRegen  0.10/turn              (no ring)

@: no status effects
A: change form in water, swift swim, stealthy swim
a: no special abilities


You were on level 2 of the Dungeon.
You were hungry.

You visited 1 branch of the dungeon, and saw 2 of its levels.

You collected 145 gold pieces.

Inventory:

Hand Weapons
 f - a +0 whip (weapon)
   (You took it off a kobold on level 1 of the Dungeon)
Missiles
 g - a throwing net (quivered) {!f}
Armour
 a - a +0 robe (worn)
 b - a +0 hat (worn)
 c - a cursed -2 ring mail
   (You found it on level 1 of the Dungeon)
 d - a +0 troll leather armour
   (You found it on level 2 of the Dungeon)
 j - a +2 leather armour of poison resistance
   (You found it on level 1 of the Dungeon)
Jewellery
 m - a +5 ring of evasion {unknown}
   (You found it on level 2 of the Dungeon)
 n - an uncursed amulet of regeneration {unknown}
   (You found it on level 2 of the Dungeon)
Scrolls
 h - a scroll of identify {unknown}
 l - a scroll of teleportation {unknown}
Potions
 i - a potion of invisibility {unknown}
 k - 2 potions of lignification {unknown}
 o - 2 potions of curing {@q1}
Comestibles
 e - 5 rations {!d}


   Skills:
 + Level 1.7 Fighting
 + Level 3.6 Dodging
 - Level 2.1 Stealth
 + Level 3.4 Spellcasting
 - Level 0.7 Conjurations
 - Level 1.0 Summonings
 - Level 0.7 Translocations


You couldn't memorise any spells.
You knew the following spells:

 Your Spells              Type           Power        Failure   Level  Hunger
a - Magic Dart            Conj           #...         12%         1    None
b - Blink                 Tloc           N/A          17%         2    ##.....
f - Mephitic Cloud        Conj/Pois/Air  #.......     38%         3    ###....
x - Call Imp              Summ           #.......     16%         2    ##.....

Your spell library contained the following spells:

 Spells                   Type           Power        Failure   Level  Hunger
 Slow                     Hex            #.......     24%         2    ##.....
 Conjure Flame            Conj/Fire      #.......     38%         3    ###....


Dungeon Overview and Level Annotations

Branches:
Dungeon (2/15)

Altars:
Okawaru

Annotations:
D:2 Sigmund


Message History

You are very lightly contaminated with residual magic.
You feel sick.
Aim: Sigmund, wielding a +0 scythe and wearing a +0 robe The ball explodes into a vile cloud!
The stinking cloud engulfs Sigmund but does no damage.
You are feeling hungry.
Sigmund is engulfed in noxious fumes.
Sigmund appears confused.
You catch the helpless Sigmund completely off-guard!
You hit Sigmund.
Sigmund shouts, "What's happening?!"
Sigmund closely misses you.
You hit Sigmund.
Sigmund says, "Why is everything spinning?"
Sigmund misses you.
You hit Sigmund. You hit Sigmund. You hit Sigmund. Sigmund barely misses you.
You catch the helpless Sigmund completely off-guard!
You hit Sigmund. You hit Sigmund but do no damage. You hit Sigmund.
Sigmund seems less confused.
Sigmund casts a spell at you. The magic dart hits you!
You don't know that spell.
You don't have enough magic to cast that spell.
Aim: Sigmund, wielding a +0 scythe and wearing a +0 robe (almost dead)
The magic dart hits Sigmund but does no damage.
Sigmund hits you with a +0 scythe.
Aim: Sigmund, wielding a +0 scythe and wearing a +0 robe (almost dead)
The magic dart hits Sigmund.
Sigmund hits you with a +0 scythe!
* * * LOW HITPOINT WARNING * * *
Sigmund gestures wildly while chanting.
Sigmund flickers and vanishes!
Deactivating autopickup; reactivate with Ctrl-A.
There is an open door here.
You are confused.
You bump into the rock wall.
You bump into the rock wall.
You bump into the rock wall.
Something hits you!
* * * LOW HITPOINT WARNING * * *
You're too confused to move!
You feel less confused. Something hits you.
* * * LOW HITPOINT WARNING * * *
The magic dart hits something but does no damage.
There is an open door here.
Your magical contamination has completely faded away.
Something hits you!
You die...

######## #.......
#####################.#####.
#.........................#.
#.###################.##..#. #.#
############.##..#.
######.########................#.
..............'.@...............<
...###.########....)######..#.###
... #.# #.....# #..#.... ... #.#
#..[..######..#.### ... #.#
#.....#....#..#.### ... ##'###
#.....#....#..#.... @..
#....############....#..#.###
...##....#.......####....#..#.###
...'.....'.......'..'....'.......


There were no monsters in sight!

Vanquished Creatures
  An ooze (D:2)
  A leopard gecko (D:2)
  5 bats
  2 giant cockroaches (D:2)
  6 goblins
  5 hobgoblins
  5 kobolds
  2 ball pythons
  3 frilled lizards
  3 rats (D:2)
33 creatures vanquished.

Notes
Turn   | Place    | Note
-------+----------+-------------------------------------------
     0 | D:1      | MalarOregon the Merfolk Wizard began the quest for the Orb.
     0 | D:1      | Reached XP level 1. HP: 13/13 MP: 4/4
   429 | D:1      | Reached XP level 2. HP: 20/20 MP: 4/6
   443 | D:1      | Reached skill level 1 in Fighting
  1262 | D:2      | Reached XP level 3. HP: 26/26 MP: 5/7
  1356 | D:2      | Noticed Sigmund
  1576 | D:2      | Found a faded altar of an unknown god.
  1640 | D:2      | Found an iron altar of Okawaru.
  2024 | D:2      | Learned a level 3 spell: Mephitic Cloud
  2027 | D:2      | Learned a level 2 spell: Call Imp
  2030 | D:2      | Learned a level 2 spell: Blink
  2113 | D:2      | Mangled by Sigmund

Skill      XL: |  1  2 |
---------------+-------+-----
Dodging        | 3 |  3.6
Fighting       | 1 |  1.7
Stealth        | |  2.1
Spellcasting   | |  3.4
Conjurations   | |  0.7
Summonings     | |  1.0
Translocations | |  0.7

Action                   || total
-------------------------++-------
Melee: Unarmed           ||     4
       Whip              ||    22
 Cast: Magic Dart        ||    69
       Mephitic Cloud    ||     1
  Use: Potion            ||     3
 Stab: Sleeping          ||     1
       Confused          ||     2
  Eat: Chunk             ||     3
Armor: Robe              ||     4
Dodge: Dodged            ||    20
